[Event "Titled Tuesday Blitz May 16 Early 2023"]
[White "Kravtsiv, Martyn"]
[Black "Vaglio Munoz, Jaime"]
[WhiteFideId "14113147"]
[BlackFideId "6500145"]
[WhiteElo "2695"]
[BlackElo "2199"]
[Result "1-0"]
[Round "03"]
[TimeControl "180+2"]
[Date "2023.05.16"]
[WhiteClock "0:00:10"]
[BlackClock "0:00:01"]

1. e4 e6 2. d4 d5 3. e5 c5 4. c3 Qb6 5. Nf3 Bd7 6. a3 cxd4 7. cxd4 a5 8. Nc3 a4 9. Rb1 Nh6 10. Bd3 Qa5 11. Bd2 Qa7 12. O-O Be7 13. Bxh6 gxh6 14. Qd2 Bf8 15. b4 axb3 16. Rxb3 Rg8 17. Rfb1 Bc6 18. Bxh7 Rg7 19. Bd3 Nd7 20. Bb5 Rg4 21. h3 Rg6 22. Bd3 Rg8 23. Qf4 Be7 24. Qxh6 Nf8 25. Nb5 Qa5 26. Nd6+ Bxd6 27. exd6 Nd7 28. Qf4 f6 29. Kh2 O-O-O 30. Bb5 e5 31. dxe5 fxe5 32. Nxe5 Rdf8 33. Bxc6 bxc6 34. Qd4 c5 35. Qxd5 Rxf2 36. Qc6+ Kd8 37. Qxd7# 1-0


[Site "https://www.chess.com"]

[Event "Titled Tuesday Blitz May 16 Early 2023"]
[White "Fernandez Guillen, Ernesto J."]
[Black "I_KID_you_not"]
[WhiteFideId "3512428"]
[WhiteElo "2429"]
[BlackElo "2325"]
[Result "1-0"]
[Round "03"]
[TimeControl "180+2"]
[Date "2023.05.16"]
[WhiteClock "0:01:26"]
[BlackClock "0:01:01"]

1. e4 c5 2. Nf3 Nc6 3. Nc3 g6 4. d4 cxd4 5. Nxd4 Bg7 6. Be3 Nf6 7. Bc4 O-O 8. Bb3 Re8 9. f3 e6 10. Nxc6 bxc6 11. Qd6 Bf8 12. Qd2 d5 13. O-O-O a5 14. h4 Bb7 15. h5 dxe4 16. Qf2 Qe7 17. hxg6 hxg6 18. Bg5 Bg7 19. fxe4 a4 20. e5 axb3 21. Bxf6 bxa2 22. Nxa2 Qf8 23. Qh4 1-0


[Site "https://www.chess.com"]

[Event "Titled Tuesday Blitz May 16 Early 2023"]
[White "Fromm, Marius"]
[Black "Bluebaum, Matthias"]
[WhiteFideId "12993190"]
[BlackFideId "24651516"]
[WhiteElo "2325"]
[BlackElo "2639"]
[Result "1-0"]
[Round "03"]
[TimeControl "180+2"]
[Date "2023.05.16"]
[WhiteClock "0:00:08"]
[BlackClock "0:00:06"]

1. e4 e6 2. d4 d5 3. Nc3 Nf6 4. e5 Nfd7 5. f4 c5 6. Nf3 Nc6 7. Be3 a6 8. Qd2 b5 9. a3 Qa5 10. dxc5 Bxc5 11. Bxc5 Nxc5 12. Nd4 Nxd4 13. Qxd4 Ne4 14. b4 Qc7 15. Nxe4 dxe4 16. c4 O-O 17. cxb5 axb5 18. Bxb5 Rd8 19. Qe3 Qb7 20. Be2 Qxb4+ 21. axb4 Rxa1+ 22. Kf2 Rxh1 23. Qb6 Rf8 24. Qc7 Rb1 25. b5 h6 26. h4 Rb3 27. b6 Rb2 28. Ke3 Rb4 29. Bf1 h5 30. Be2 g6 31. Bf1 Kg7 32. Be2 Rb2 33. Bf1 Rb4 34. Be2 Rb1 35. Kxe4 Rb2 36. Ke3 Rb3+ 37. Kf2 Rb2 38. Kf1 Rb1+ 39. Kf2 Rb2 40. Kf1 Re8 41. Bf3 Ba6+ 42. Kg1 Rc8 43. Qa7 Rc1+ 44. Kh2 Bf1 45. b7 Rcb1 46. Qa8 Bc4 47. Qd8 Bd5 48. Qf6+ Kg8 49. Qd8+ Kg7 50. Qf6+ Kg8 51. Qd8+ Kh7 52. Qf6 Rxb7 53. Bxd5 exd5 54. e6 fxe6 55. Qxe6 d4 56. f5 R1b6 57. fxg6+ Kh6 58. Qe5 Rd7 59. Qg5+ Kg7 60. Qxh5 Rxg6 61. Qe5+ Kh7 62. Qf5 Rd6 63. h5 d3 64. hxg6+ Kh6 65. Qf4+ Kh5 66. Qxd6 Kg4 67. Qxd3 Kh4 68. Qf3 Kg5 69. g7 Kh4 70. Qf4+ Kh5 71. Qf7+ Kh4 72. g3+ Kg4 73. g8=Q# 1-0


[Site "https://www.chess.com"]

[Event "Titled Tuesday Blitz May 16 Early 2023"]
[White "Mamedov, Edgar"]
[Black "Lazavik, Denis"]
[WhiteFideId "13739980"]
[BlackFideId "13515110"]
[WhiteElo "2317"]
[BlackElo "2560"]
[Result "0-1"]
[Round "03"]
[TimeControl "180+2"]
[Date "2023.05.16"]
[WhiteClock "0:00:04"]
[BlackClock "0:00:23"]

1. d4 Nf6 2. Bg5 d5 3. e3 c5 4. Bxf6 gxf6 5. dxc5 e6 6. c4 dxc4 7. Nd2 c3 8. bxc3 Bxc5 9. Ngf3 Nc6 10. Be2 Be7 11. O-O Qc7 12. Nd4 Bd7 13. Nc4 a6 14. Qb3 b5 15. Nd2 Na5 16. Qb2 O-O 17. Rac1 Rab8 18. Qc2 Rfc8 19. Qe4 Qe5 20. Qh4 Qg5 21. Qxg5+ fxg5 22. c4 Ba3 23. Rc2 bxc4 24. Nxc4 Nxc4 25. Rxc4 Rxc4 26. Bxc4 a5 27. f3 a4 28. Re1 Bc5 29. Kf2 Kf8 30. Re2 Ke7 31. Rc2 Bd6 32. Bd3 h5 33. Nc6+ Bxc6 34. Rxc6 Bxh2 35. Rc2 Bd6 36. g3 h4 37. gxh4 gxh4 38. f4 Rg8 39. Bf1 Rg3 40. Bg2 a3 41. Rc1 Rg8 42. Rh1 Rb8 43. Re1 Rb2+ 44. Re2 f5 45. Kf3 Bc5 46. Bf1 Rb1 47. Kf2 e5 48. fxe5 f4 49. Kf3 Rxf1+ 50. Ke4 fxe3 51. Kd5 Rf2 52. Re1 Ba7 53. Rb1 Rd2+ 54. Ke4 Rb2 55. Rh1 e2 56. Kf3 h3 57. Kg3 h2 58. Kf3 Bg1 0-1


[Site "https://www.chess.com"]

[Event "Titled Tuesday Blitz May 16 Early 2023"]
[White "Swiercz, Dariusz"]
[Black "Koellner, Ruben Gideon"]
[WhiteFideId "1126881"]
[BlackFideId "12993093"]
[WhiteElo "2620"]
[BlackElo "2314"]
[Result "1-0"]
[Round "03"]
[TimeControl "180+2"]
[Date "2023.05.16"]
[WhiteClock "0:00:08"]
[BlackClock "0:00:07"]

1. d4 d6 2. e4 Nf6 3. Bd3 e5 4. c3 Nbd7 5. Nf3 d5 6. Nbd2 exd4 7. cxd4 dxe4 8. Nxe4 Nxe4 9. Bxe4 Nf6 10. Bc2 Bb4+ 11. Bd2 Qe7+ 12. Qe2 Qxe2+ 13. Kxe2 Bxd2 14. Kxd2 O-O 15. Bb3 Bg4 16. Ne5 Rad8 17. Ke3 Bh5 18. f3 Rfe8 19. g4 Bg6 20. Rad1 c5 21. Kf4 cxd4 22. Rhe1 Kf8 23. h4 Nd5+ 24. Bxd5 Rxd5 25. h5 Bc2 26. Rd2 d3 27. Re3 g5+ 28. hxg6 hxg6 29. g5 Re6 30. Re4 b5 31. a3 a5 32. b4 a4 33. Ng4 Rf5+ 34. Ke3 Rxe4+ 35. fxe4 Rxg5 36. Nf6 Ke7 37. Nd5+ Kd6 38. Kd4 Rg4 39. Nc3 f5 40. Nxb5+ Ke6 41. Nc3 fxe4 42. Nxe4 Kf5 43. Rf2+ Rf4 44. Rxf4+ Kxf4 45. b5 Bd1 46. b6 Bf3 47. b7 Bxe4 48. b8=Q+ Kf3 49. Qf8+ Bf5 50. Kc3 Ke4 51. Qh6 Ke5 52. Kd2 Kd4 53. Qg7+ Kc4 54. Qe7 Kb3 55. Qb4+ Ka2 56. Qxa4 g5 57. Qb4 g4 58. a4 g3 59. Qb6 g2 60. a5 Be4 61. a6 Ka3 62. a7 Ka4 63. Qd4+ Kb3 64. Qb6+ Kc4 65. Ke1 Kc3 66. Qc5+ Kb2 67. Kf2 d2 68. Qd4+ Kc1 69. Qc3+ Kd1 70. Qe3 Ba8 71. Qc5 Be4 72. Qc4 Ba8 73. Qc8 Be4 74. a8=Q Bxa8 75. Qxa8 Kc1 76. Qc6+ Kb2 77. Qb5+ Kc1 78. Qc4+ Kb2 79. Qd3 Kc1 80. Qc3+ Kd1 81. Kxg2 Ke1 82. Qe3+ Kd1 83. Kf3 Kc2 84. Qc5+ Kd3 85. Qd5+ Kc3 86. Ke2 d1=Q+ 87. Kxd1 1-0


[Site "https://www.chess.com"]

[Event "Titled Tuesday Blitz May 16 Early 2023"]
[White "Grigoriants, Sergey"]
[Black "Wadsworth, Matthew J"]
[WhiteFideId "4130804"]
[BlackFideId "415804"]
[WhiteElo "2502"]
[BlackElo "2347"]
[Result "1-0"]
[Round "03"]
[TimeControl "180+2"]
[Date "2023.05.16"]
[WhiteClock "0:00:32"]
[BlackClock "0:00:01"]

1. d4 d5 2. c4 c6 3. Nc3 Nf6 4. e3 a6 5. Nf3 b5 6. b3 g6 7. Bd3 Bg7 8. O-O O-O 9. h3 Bb7 10. Ba3 Nbd7 11. Rc1 Re8 12. Re1 Qa5 13. Nb1 dxc4 14. bxc4 b4 15. Qd2 c5 16. dxc5 Nxc5 17. Bxb4 Qc7 18. Ba5 Qc8 19. Bf1 Nfe4 20. Qc2 Bc6 21. Nc3 Rb8 22. Nd4 Nxc3 23. Bxc3 Be4 24. Qd1 Rd8 25. Qg4 f5 26. Qh4 Bf6 27. Qg3 e5 28. Nb3 Nxb3 29. axb3 Re8 30. b4 Kg7 31. c5 h5 32. f4 h4 33. Qf2 Qc6 34. Red1 Rbd8 35. fxe5 Rxd1 36. exf6+ 1-0


[Site "https://www.chess.com"]

[Event "Titled Tuesday Blitz May 16 Early 2023"]
[White "Antipov, Mikhail Al."]
[Black "Ismagilov, Damir"]
[WhiteFideId "4107012"]
[BlackFideId "34199982"]
[WhiteElo "2513"]
[BlackElo "2143"]
[Result "0-1"]
[Round "03"]
[TimeControl "180+2"]
[Date "2023.05.16"]
[WhiteClock "0:00:00"]
[BlackClock "0:00:18"]

1. e4 c5 2. Nf3 e6 3. b3 Nc6 4. Bb2 a6 5. c4 Qc7 6. g3 Nf6 7. e5 Ng4 8. Bg2 Ngxe5 9. Nxe5 Nxe5 10. O-O Rb8 11. d4 cxd4 12. Qxd4 d6 13. Nc3 Bd7 14. Rad1 Bc6 15. Ne4 Rd8 16. c5 Bxe4 17. Qxe4 Nc6 18. Qf4 e5 19. Qg4 Qd7 20. Qa4 Be7 21. cxd6 Bxd6 22. Ba3 Qc7 23. Rc1 O-O 24. Bxc6 Bxa3 25. Qxa3 bxc6 26. Qxa6 Ra8 27. Qe2 Qa5 28. Rc2 f6 29. Rd1 Qb5 30. Qe4 Rad8 31. Rdc1 Qd5 32. Qc4 Qxc4 33. Rxc4 Rd2 34. a4 Rb2 35. Rxc6 Rxb3 36. a5 Ra3 37. Ra6 Rb8 0-1


[Site "https://www.chess.com"]

[Event "Titled Tuesday Blitz May 16 Early 2023"]
[White "Babazada, Khazar"]
[Black "Soham Kamotra"]
[WhiteFideId "13413554"]
[BlackFideId "46647490"]
[WhiteElo "2351"]
[BlackElo "2209"]
[Result "1/2-1/2"]
[Round "03"]
[TimeControl "180+2"]
[Date "2023.05.16"]
[WhiteClock "0:00:04"]
[BlackClock "0:00:04"]

1. Nf3 d6 2. g3 e5 3. d4 e4 4. Ng5 d5 5. c4 c6 6. Nc3 Nf6 7. Bg2 Be7 8. h4 O-O 9. Bf4 a6 10. Qb3 b5 11. cxd5 cxd5 12. Bxb8 Rxb8 13. e3 a5 14. Rc1 Ba6 15. Nh3 Rc8 16. Qd1 b4 17. Ne2 Qb6 18. Nhf4 a4 19. Qxa4 Bb5 20. Qd1 Ra8 21. O-O Rxa2 22. Qb3 Ra5 23. Rfe1 Bd6 24. Qd1 Ra2 25. Qb3 Ra5 26. g4 Bc4 27. Qc2 b3 28. Qd1 Nxg4 29. Nc3 Nf6 30. Nh5 Nxh5 31. Qxh5 f5 32. f4 Bb4 33. Kh2 Qg6 34. Qxg6 hxg6 35. Bf1 Rc8 36. Nxd5 Bxe1 37. Bxc4 Rxc4 38. Rxc4 Ra2 39. Rc8+ Kh7 40. Rc7 Rxb2+ 41. Kh3 Rc2 42. Rb7 b2 43. Nf6+ Kh6 44. Ng8+ Kh7 45. Nf6+ Kh6 46. Nd5 Rd2 47. Rb6 Kh7 48. Rb7 Re2 49. Nf6+ Kh6 50. Ng8+ Kh7 51. Nf6+ Kh6 52. Ng8+ Kh7 53. Nf6+ 1/2-1/2


[Site "https://www.chess.com"]

[Event "Titled Tuesday Blitz May 16 Early 2023"]
[White "Andreev, Konstantin"]
[Black "Ivic, Velimir"]
[WhiteFideId "24239305"]
[BlackFideId "950122"]
[WhiteElo "2106"]
[BlackElo "2563"]
[Result "1-0"]
[Round "03"]
[TimeControl "180+2"]
[Date "2023.05.16"]
[WhiteClock "0:00:45"]
[BlackClock "0:00:11"]

1. e4 c5 2. Nf3 e6 3. d4 cxd4 4. Nxd4 Nf6 5. Nc3 Nc6 6. Ndb5 d6 7. Bf4 e5 8. Bg5 a6 9. Na3 b5 10. Nd5 Be7 11. Bxf6 Bxf6 12. c3 Rb8 13. Nc2 O-O 14. h4 g6 15. g3 h5 16. Bg2 Bg7 17. O-O Be6 18. Nce3 Qd7 19. Kh1 Qa7 20. b4 Rfc8 21. a4 Qb7 22. axb5 axb5 23. Qd3 Bh6 24. f4 exf4 25. gxf4 Ra8 26. Rxa8 Rxa8 27. e5 Ra2 28. Qe4 Rxg2 29. Qxg2 dxe5 30. f5 Bxd5 31. Nxd5 Kg7 32. fxg6 fxg6 33. Rf6 Ne7 34. Rd6 Nxd5 35. Qxg6+ Kf8 36. Rd8+ Ke7 37. Qd6+ Kf7 38. Rd7+ Qxd7 39. Qxd7+ Ne7 40. Qxb5 Ke6 41. Qb6+ Kf5 42. Qxh6 Nd5 43. Qxh5+ Ke4 44. Qe2+ Ne3 45. b5 Kf4 46. b6 Nf5 47. Qf2+ Kg4 48. b7 Ng3+ 49. Kh2 Nh5 50. b8=Q Nf6 51. Qxe5 Ne4 52. Qxe4+ Kh5 53. Qff5+ Kh6 54. Qh7# 1-0


[Site "https://www.chess.com"]

[Event "Titled Tuesday Blitz May 16 Early 2023"]
[White "Bacrot, Etienne"]
[Black "Colbow, Collin"]
[WhiteFideId "605506"]
[BlackFideId "16201132"]
[WhiteElo "2672"]
[BlackElo "2351"]
[Result "1-0"]
[Round "03"]
[TimeControl "180+2"]
[Date "2023.05.16"]
[WhiteClock "0:01:08"]
[BlackClock "0:00:11"]

1. e4 d5 2. exd5 Qxd5 3. Nc3 Qd8 4. g3 Nf6 5. Bg2 c6 6. d4 Bf5 7. Nf3 e6 8. h3 Nbd7 9. Nh4 Bg6 10. Be3 Be7 11. Nxg6 hxg6 12. O-O Nb6 13. Ne2 Nbd5 14. Bd2 Nh7 15. c4 Nb6 16. b3 Bf6 17. a4 Bxd4 18. Nxd4 Qxd4 19. a5 Nd7 20. a6 bxa6 21. Be3 Qxd1 22. Rfxd1 Nb8 23. b4 Nf6 24. b5 axb5 25. cxb5 Nd5 26. b6 a5 27. b7 Ra6 28. Bd4 f6 29. Bf1 e5 30. Bxa6 Nxa6 31. Rxa5 exd4 32. Rxa6 Kd7 33. Ra8 1-0


[Site "https://www.chess.com"]

[Event "Titled Tuesday Blitz May 16 Early 2023"]
[White "Pacan-Milej, Kosma"]
[Black "Visakh N R"]
[WhiteFideId "21800537"]
[BlackFideId "25012223"]
[WhiteElo "2302"]
[BlackElo "2466"]
[Result "1/2-1/2"]
[Round "03"]
[TimeControl "180+2"]
[Date "2023.05.16"]
[WhiteClock "0:00:35"]
[BlackClock "0:00:52"]

1. d4 Nf6 2. c4 e6 3. Nc3 Bb4 4. e3 b6 5. Bd3 Bb7 6. f3 d5 7. cxd5 exd5 8. Ne2 O-O 9. O-O a6 10. Ng3 c5 11. a3 cxd4 12. exd4 Bd6 13. Nf5 g6 14. Nxd6 Qxd6 15. Bh6 Re8 16. Qd2 Nc6 17. Qf2 Nh5 18. Qh4 Rad8 19. Rae1 Bc8 20. Bg5 Rxe1 21. Rxe1 Rf8 22. Be7 Nxe7 23. Qxe7 Qxe7 24. Rxe7 Nf4 25. Bf1 Rd8 26. g3 Ne6 27. Ne2 Bd7 28. Nf4 Nxd4 29. Nxd5 Kf8 30. Re3 Bc6 31. Nxb6 Nxf3+ 32. Kf2 Nxh2 33. Be2 Rd2 34. Nc4 Ng4+ 35. Ke1 Nxe3 36. Kxd2 Nxc4+ 37. Bxc4 Bb7 38. b4 h5 39. Ke3 g5 40. a4 Kg7 41. a5 f5 42. b5 axb5 43. Bxb5 Kf6 44. a6 Ba8 45. Be2 f4+ 46. gxf4 g4 47. a7 g3 48. Bxh5 g2 49. Kf2 Kf5 50. Be2 Kxf4 51. Bf1 gxf1=Q+ 52. Kxf1 Ke3 53. Kg1 Kf3 54. Kf1 Ke3 55. Kg1 Ke2 56. Kh2 Kf3 57. Kh3 Kf4 58. Kh2 Ke5 59. Kg1 Ke4 60. Kf2 Kd4 61. Kg1 Kc5 62. Kf2 Kb6 63. Kg1 Kb7 64. Kf2 Kc8 65. Kg1 Bc6 66. Kf2 Kb7 67. Kg1 Ka8 68. Kf2 Bb7 69. Kg1 Bc8 70. Kf2 Bd7 71. Kg1 Bc6 72. Kf2 Bd5 73. Kg1 Be4 74. Kf2 Bf3 75. Kg1 Bg2 76. Kf2 Bf3 77. Kg1 Kxa7 1/2-1/2


[Site "https://www.chess.com"]

[Event "Titled Tuesday Blitz May 16 Early 2023"]
[White "Averjanov, Alexey"]
[Black "Janaszak, Dawid"]
[WhiteFideId "14109867"]
[BlackFideId "1119206"]
[WhiteElo "2798"]
[BlackElo "2220"]
[Result "1-0"]
[Round "03"]
[TimeControl "180+2"]
[Date "2023.05.16"]
[WhiteClock "0:00:19"]
[BlackClock "0:00:08"]

1. d4 d5 2. c4 e6 3. Nf3 c5 4. dxc5 Bxc5 5. e3 Nc6 6. a3 Nf6 7. b4 Bd6 8. Bb2 O-O 9. Nbd2 a5 10. b5 Ne7 11. Be2 Ng6 12. O-O b6 13. Rc1 Bb7 14. cxd5 exd5 15. Nd4 Ne4 16. Nc6 Qh4 17. g3 Bxg3 18. fxg3 Nxg3 19. Nf3 Nxe2+ 20. Qxe2 Qe4 21. Nd2 Qh4 22. Qf2 Qa4 23. Nd4 Ne5 24. Qg3 f6 25. Rc7 Rf7 26. Rxf7 Nxf7 27. Nf5 Ng5 28. h4 Ne6 29. Nxg7 Kf7 30. Rxf6+ Ke7 31. Rxe6+ Kd7 32. Qd6+ 1-0


[Site "https://www.chess.com"]

[Event "Titled Tuesday Blitz May 16 Early 2023"]
[White "Aydincelebi, Kagan"]
[Black "Richter, Paul"]
[WhiteFideId "6361102"]
[BlackFideId "2046350"]
[WhiteElo "2180"]
[BlackElo "2557"]
[Result "1-0"]
[Round "03"]
[TimeControl "180+2"]
[Date "2023.05.16"]
[WhiteClock "0:01:55"]
[BlackClock "0:01:13"]

1. e4 c5 2. Nf3 d6 3. Bb5+ Nc6 4. O-O Bd7 5. Re1 Nf6 6. c3 a6 7. Bf1 Bg4 8. d4 cxd4 9. cxd4 Bxf3 10. gxf3 e5 11. d5 Ne7 12. f4 Ng6 13. f5 Nf4 14. Bxf4 exf4 15. e5 dxe5 16. Rxe5+ Kd7 17. Na3 Bd6 18. Re1 Qa5 19. Nc4 Qc5 20. Rc1 Rac8 21. Ne5+ 1-0


[Site "https://www.chess.com"]

[Event "Titled Tuesday Blitz May 16 Early 2023"]
[White "Bondau"]
[Black "Baghdasaryan, Vahe"]
[BlackFideId "13303139"]
[WhiteElo "2779"]
[BlackElo "2216"]
[Result "0-1"]
[Round "03"]
[TimeControl "180+2"]
[Date "2023.05.16"]
[WhiteClock "0:00:00"]
[BlackClock "0:00:19"]

1. e4 c5 2. Nf3 e6 3. g3 Nc6 4. Bg2 g6 5. O-O Bg7 6. c3 Nge7 7. d4 cxd4 8. cxd4 d5 9. e5 O-O 10. Nc3 f6 11. exf6 Bxf6 12. Ne2 Nf5 13. Qd3 Qb6 14. Rd1 Bd7 15. a3 Rac8 16. h4 Na5 17. b4 Bb5 18. bxa5 Bxd3 19. axb6 Bxe2 20. Bf4 Bxd1 21. Rxd1 axb6 22. Be5 Bxe5 23. dxe5 Rc3 24. Ng5 Re8 25. Rb1 h6 26. Nh3 d4 27. Nf4 d3 28. Rd1 Rxa3 29. Bxb7 Kf7 30. Be4 Rd8 31. Nxd3 Rd4 32. Re1 Raxd3 33. Bxd3 Rxd3 34. Rb1 Nd4 35. Rxb6 Nf3+ 36. Kg2 Nxe5 37. Rb7+ Kf6 38. Rb8 h5 39. Rf8+ Ke7 40. Rh8 Ng4 41. Rg8 Kf7 42. Rb8 Rd2 43. Rb7+ Kf6 44. Rb4 Rxf2+ 45. Kg1 Rc2 46. Rf4+ Kg7 47. Re4 e5 48. Kf1 Kf6 49. Ra4 Kf5 50. Ke1 e4 51. Ra5+ Ne5 52. Kd1 Rg2 53. Ra3 Nd3 54. Ra5+ Kg4 55. Rg5+ Kf3 56. Rd5 Ke3 0-1


[Site "https://www.chess.com"]

[Event "Titled Tuesday Blitz May 16 Early 2023"]
[White "Romkachess"]
[Black "Karthik Rajaa"]
[BlackFideId "25035215"]
[WhiteElo "2550"]
[BlackElo "2215"]
[Result "0-1"]
[Round "03"]
[TimeControl "180+2"]
[Date "2023.05.16"]
[WhiteClock "0:00:09"]
[BlackClock "0:00:09"]

1. e4 c6 2. d4 d5 3. Nc3 dxe4 4. Nxe4 Bf5 5. Ng3 Bg6 6. Nh3 Nf6 7. Nf4 e5 8. Nxg6 hxg6 9. dxe5 Qa5+ 10. Bd2 Qxe5+ 11. Qe2 Nbd7 12. O-O-O Bc5 13. f3 O-O-O 14. Bc3 Qxe2 15. Bxe2 Rh4 16. Bd3 Be3+ 17. Kb1 Nc5 18. Bxf6 gxf6 19. Ne4 Nxe4 20. fxe4 Bd4 21. h3 b5 22. Rhf1 Be5 23. c3 Kc7 24. Bc2 Rxd1+ 25. Rxd1 Rf4 26. Bb3 Rf2 27. g4 g5 28. Bxf7 Rh2 29. Be6 Kb6 30. Rd3 a5 31. a3 Re2 32. Bf5 b4 33. axb4 axb4 34. cxb4 Rxb2+ 35. Kc1 Rxb4 36. Kc2 Rb2+ 37. Kc1 Rh2 38. Rb3+ Ka5 39. Bd7 Bf4+ 40. Kb1 Rh1+ 41. Kc2 Rc1+ 42. Kb2 Rc4 43. Ra3+ Kb6 44. Rb3+ Kc7 45. Bf5 Be5+ 46. Kb1 Rd4 47. Kc2 Bf4 48. Rd3 Rc4+ 49. Kb3 Rc1 50. Rd7+ Kb6 51. Rf7 Be5 52. Rd7 Rc3+ 53. Ka2 Rxh3 54. Rd1 c5 55. Be6 Kb5 56. Rb1+ Kc6 57. Bd5+ Kc7 58. Rb7+ Kc8 59. Rf7 Bd4 60. Kb1 Kd8 61. Kc2 Rg3 62. Rf8+ Ke7 63. Rf7+ Kd6 64. Rf8 Rxg4 65. Rd8+ Ke5 66. Kd3 Rg3+ 67. Kc4 Kf4 68. Rf8 Ke3 69. Bc6 Rg1 70. Kd5 g4 71. Rg8 g3 72. Ke6 Be5 73. Bd5 Rc1 74. Kf5 c4 75. Rg4 c3 76. Rg8 c2 77. Bc4 Rf1+ 78. Bxf1 c1=Q 79. Bh3 Kf2 80. Rg4 Qh6 81. Ke6 Qxh3 82. Kf7 Qxg4 83. Ke7 Qxe4 84. Kd7 g2 85. Kd8 g1=Q 86. Kd7 Qd1+ 87. Kc8 Qec2+ 88. Kb7 Qdb1+ 89. Ka8 Qca2# 0-1


[Site "https://www.chess.com"]

[Event "Titled Tuesday Blitz May 16 Early 2023"]
[White "Sieciechowicz, Marcin"]
[Black "Toncheva, Nadya"]
[WhiteFideId "1130170"]
[BlackFideId "2924056"]
[WhiteElo "2302"]
[BlackElo "2101"]
[Result "1-0"]
[Round "03"]
[TimeControl "180+2"]
[Date "2023.05.16"]
[WhiteClock "0:00:05"]
[BlackClock "0:00:02"]

1. d4 d5 2. c4 dxc4 3. e4 e5 4. Nf3 Bb4+ 5. Nc3 exd4 6. Nxd4 Nd7 7. Bxc4 Ngf6 8. Bxf7+ Kxf7 9. Qb3+ Ke8 10. Ne6 Bxc3+ 11. Qxc3 Qe7 12. Nxc7+ Kf7 13. Qc4+ Kg6 14. Nxa8 Ne5 15. Qe2 Be6 16. b3 Rxa8 17. O-O Kf7 18. Bb2 Ng6 19. Rac1 Rd8 20. Rfd1 Nf4 21. Qe3 g5 22. g3 Rxd1+ 23. Rxd1 Nh3+ 24. Kg2 Ng4 25. Qd4 Nhxf2 26. Rf1 Ke8 27. h3 Nxh3 28. Qh8+ Kd7 29. Rd1+ Kc7 30. Qc3+ Kb8 31. Qh8+ Kc7 32. Be5+ Nxe5 33. Qxe5+ Kc6 34. Rc1+ Kb6 35. Qd4+ Ka6 36. Qd3+ Kb6 37. Qd4+ Ka6 38. Rc5 b6 39. Re5 Qf7 40. Qd3+ Kb7 41. Qe3 Nf4+ 42. gxf4 gxf4 43. Qd4 Qg6+ 44. Kf1 Bh3+ 45. Ke1 Qg3+ 46. Kd2 Qg2+ 47. Kc3 Qg3+ 48. Kb2 Qg2+ 49. Ka3 Qg7 50. Qd5+ Ka6 51. Qc4+ Kb7 52. Qd5+ Ka6 53. Qd3+ Kb7 54. Rd5 Bc8 55. Qd4 Qe7+ 56. Kb2 f3 57. e5 Be6 58. Rd6 h5 59. Qe4+ Ka6 60. Qxf3 h4 61. Qd3+ Kb7 62. Qe4+ Ka6 63. Qg6 Kb7 64. Qxe6 Qg7 65. Rd7+ 1-0


[Site "https://www.chess.com"]

[Event "Titled Tuesday Blitz May 16 Early 2023"]
[White "Postny, Evgeny"]
[Black "Przybylski, Wojciech"]
[WhiteFideId "2804344"]
[BlackFideId "1117599"]
[WhiteElo "2504"]
[BlackElo "2222"]
[Result "1-0"]
[Round "03"]
[TimeControl "180+2"]
[Date "2023.05.16"]
[WhiteClock "0:01:20"]
[BlackClock "0:00:40"]

1. e4 c5 2. Nf3 d6 3. d4 cxd4 4. Nxd4 Nf6 5. Nc3 a6 6. f3 e6 7. Be3 Nbd7 8. g4 h6 9. Qd2 b5 10. O-O-O b4 11. Na4 Qc7 12. h4 Be7 13. Bh3 Bb7 14. g5 Nh5 15. g6 fxg6 16. Nxe6 Qa5 17. b3 Ne5 18. Bb6 Qb5 19. Nc7+ Kf8 20. Nxb5 axb5 21. Qxb4 bxa4 22. Bd4 Bc8 23. Bxe5 dxe5 24. Rd8+ Kf7 25. Qc4+ Kf6 26. Qc6+ Be6 27. Qxe6# 1-0


[Site "https://www.chess.com"]

[Event "Titled Tuesday Blitz May 16 Early 2023"]
[White "Jovic, Stanoje"]
[Black "Starozhilov, Leonid"]
[WhiteFideId "905020"]
[BlackFideId "14106752"]
[WhiteElo "2236"]
[BlackElo "2352"]
[Result "1-0"]
[Round "03"]
[TimeControl "180+2"]
[Date "2023.05.16"]
[WhiteClock "0:00:07"]
[BlackClock "0:00:04"]

1. c4 Nf6 2. g3 g6 3. Bg2 Bg7 4. Nc3 O-O 5. Nf3 d6 6. O-O c6 7. d3 a6 8. Rb1 b5 9. b4 bxc4 10. dxc4 Bf5 11. Rb3 Ne4 12. Nxe4 Bxe4 13. a4 Nd7 14. a5 c5 15. Bd2 cxb4 16. Bxb4 Rb8 17. Nd4 Bxg2 18. Kxg2 Qc7 19. Nc2 Qxc4 20. Ne3 Qc6+ 21. Qd5 Rfc8 22. Rfb1 Rb5 23. Qxc6 Rxc6 24. Be1 Rxb3 25. Rxb3 e6 26. Rb7 Nc5 27. Rb8+ Bf8 28. Bb4 Kg7 29. Rb6 Rxb6 30. axb6 Nb7 31. Bc3+ f6 32. Nc4 d5 33. Na5 Nxa5 34. Bxa5 Bd6 35. b7 Bb8 36. Kf3 Kf7 37. e4 Ke7 38. exd5 exd5 39. Bc3 Kd7 40. Bxf6 Kc6 41. Kg4 Kxb7 42. Kg5 Kc6 43. Kh6 Kc5 44. Kxh7 d4 45. Kxg6 a5 46. h4 a4 47. h5 a3 48. h6 a2 49. h7 a1=Q 50. h8=Q Qb1+ 51. Kh6 Qh1+ 52. Bh4 Qc6+ 53. Qf6 Bd6 54. f4 d3 55. Qc3+ Kb6 56. Qb3+ Kc7 57. Qxd3 Bxf4+ 58. Kg7 Be5+ 59. Kf7 Bd6 60. Qf5 Qc4+ 61. Qe6 Qf1+ 62. Kg6 Qf8 63. Qf7+ Qe7 64. Qxe7+ Bxe7 65. Bxe7 Kd7 66. g4 Ke6 67. g5 Kxe7 68. Kh7 Kf7 69. g6+ Kf6 70. g7 Kg5 71. g8=Q+ Kh5 72. Qg1 Kh4 73. Kg6 Kh3 74. Kf5 Kh4 75. Qh2# 1-0


[Site "https://www.chess.com"]

[Event "Titled Tuesday Blitz May 16 Early 2023"]
[White "Papasimakopoulos, Alexandros"]
[Black "Eynullayev, Atilla"]
[WhiteFideId "4244125"]
[BlackFideId "13413570"]
[WhiteElo "2359"]
[BlackElo "2181"]
[Result "1-0"]
[Round "03"]
[TimeControl "180+2"]
[Date "2023.05.16"]
[WhiteClock "0:01:10"]
[BlackClock "0:00:14"]

1. d4 Nf6 2. c4 e6 3. Nc3 Bb4 4. Qc2 O-O 5. a3 Bxc3+ 6. Qxc3 b6 7. Bg5 c5 8. Nf3 cxd4 9. Nxd4 Ne4 10. Bxd8 Nxc3 11. Bh4 Na4 12. O-O-O Ba6 13. b3 Nc3 14. Rd3 Ne4 15. f3 Nc5 16. Rc3 Rc8 17. Kb2 Nc6 18. Nxc6 Rxc6 19. e4 Rac8 20. Be2 b5 21. Rd1 bxc4 22. Bxc4 Nxb3 23. Bxa6 Nc5 24. Rxc5 Rb6+ 25. Rb5 1-0


[Site "https://www.chess.com"]

[Event "Titled Tuesday Blitz May 16 Early 2023"]
[White "McCoy, Owen"]
[Black "Rodriguez Polo, Mateo"]
[WhiteFideId "30924502"]
[BlackFideId "24509396"]
[WhiteElo "2686"]
[BlackElo "2117"]
[Result "1-0"]
[Round "03"]
[TimeControl "180+2"]
[Date "2023.05.16"]
[WhiteClock "0:00:20"]
[BlackClock "0:00:19"]

1. d4 Nf6 2. Nf3 d5 3. Bf4 c5 4. e3 Nc6 5. Nbd2 Qb6 6. dxc5 Qxb2 7. Rb1 Qa3 8. Bb5 e6 9. Ne5 Qxc5 10. c4 Be7 11. Nd3 Qa3 12. Rb3 Qa5 13. Ne5 O-O 14. Bxc6 bxc6 15. Nxc6 Qc5 16. Nxe7+ Qxe7 17. cxd5 Nxd5 18. O-O Nxf4 19. exf4 Ba6 20. Re1 Rfd8 21. Qc1 Rac8 22. Qb2 Qd7 23. Nf3 Bc4 24. Ne5 Qd1 25. Re3 Rd2 26. Qb7 Rf8 27. Nxc4 1-0


[Site "https://www.chess.com"]

[Event "Titled Tuesday Blitz May 16 Early 2023"]
[White "Borgaonkar Akshay"]
[Black "Fan_Of_Chucky"]
[WhiteFideId "25639110"]
[WhiteElo "2063"]
[BlackElo "2361"]
[Result "1-0"]
[Round "03"]
[TimeControl "180+2"]
[Date "2023.05.16"]
[WhiteClock "0:01:21"]
[BlackClock "0:00:00"]

1. d4 Nf6 2. Nc3 d5 3. Qd3 g6 4. h4 h5 5. Bg5 Bg7 6. f3 Bf5 7. e4 dxe4 8. fxe4 Bg4 9. Be2 O-O 10. O-O-O Bxe2 11. Ngxe2 Ng4 12. Rhf1 Nc6 13. e5 Qd7 14. Ne4 Rad8 15. Kb1 b6 16. c3 Ncxe5 17. Qc2 Nc4 18. Rf3 c5 19. d5 f6 20. Bc1 Nge5 21. Rg3 Qb5 22. Ka1 Nd6 23. Nxd6 Rxd6 24. Bf4 Qe8 25. Bxe5 fxe5 26. c4 Kh7 27. Nc3 Qf7 28. Ne4 1-0


[Site "https://www.chess.com"]